 Dungeon Crawl Stone Soup version 0.32-a0-468-g38b2580584 (webtiles) character file.

Game seed: 7406044696082140943

4 shadowstone the Firebug (level 1, 14/14 HPs)
             Began as a Draconian Fire Elementalist on Feb 24, 2024.
             Quit the game on level 1 of the Dungeon.
             The game lasted 00:00:23 (53 turns).

shadowstone the Firebug (Draconian Fire Elementalist) Turns: 53, Time: 00:00:24

Health: 14/14      AC:  4    Str: 10    XL:     1   Next: 58%
Magic:  0/3        EV: 12    Int: 15    God:
Gold:   2          SH:  0    Dex: 11    Spells: 3/4 levels left

rFire   . . .        (no weapon)
rCold   . . .        (no shield)
rNeg    . . .        (body armour unavailable)
rPois   .            (helmet restricted)
rElec   .            (no cloak)
rCorr   .            (no gloves)
SInv    .            (no boots)
Will    .....        (no amulet)
Stlth   ++           (no ring)
HPRegen 0.22/turn    (no ring)
MPRegen 0.08/turn

%: no passive effects
@: no status effects
A: AC +4, unfitting armour, cold-blooded
a: no special abilities


You were on level 1 of the Dungeon.
You visited 1 branch of the dungeon, and saw 1 of its levels.

You collected 2 gold pieces.

Inventory:

Scrolls
 b - a scroll of fear {unknown}
 c - a scroll of identify {unknown}
Potions
 a - a potion of magic


   Skills:
 + Level 2.0 Dodging
 + Level 1.7 Stealth
 + Level 2.0 Spellcasting
 + Level 1.0 Conjurations
 + Level 3.1 Fire Magic


You had 3 spell levels left.
You knew the following spells:

 Your Spells              Type           Power      Damage    Failure   Level
a - Foxfire               Conj/Fire      28%        2x1d5     10%         1

Your spell library contained the following spells:

 Spells                   Type           Power      Damage    Failure   Level
 Scorch                   Fire           20%        2d5       10%         2
 Inner Flame              Hex/Fire       6%         N/A       34%         3
 Volatile Blastmotes      Fire/Tloc      12%        2d11      34%         3
 Flame Wave               Conj/Fire      7%         2d5       67%         4


Dungeon Overview and Level Annotations

Branches:
Dungeon (1/15)

Altars:


Innate Abilities, Weirdness & Mutations

Your plain brown scales are hard. (AC +4)
You cannot fit into any form of body armour.
You are cold-blooded and may be slowed by cold attacks.


Message History

You see here 2 gold pieces.
The goblin hits you but does no damage.
Found a scroll labelled TYMANAYMOL.
The goblin barely misses you.
You conjure some foxfire!
The goblin hits you with a +0 dagger.
You are out of magic!
The foxfire hits the goblin.
The goblin is severely wounded.
The foxfire hits the goblin.
You kill the goblin!
b - a scroll labelled GYNAGU URAFE You are out of magic!
You miscast Foxfire.
You are very lightly contaminated with residual magic.
Nothing appears to happen.
You are out of magic!
You are out of magic!
You are out of magic!
Your magical contamination has completely faded away.
You now have 2 gold pieces.
Found a scroll labelled TYMANAYMOL.
c - a scroll labelled TYMANAYMOL A bat comes into view.
Found a scroll labelled IFUONG LEPNAIT.
The bat completely misses you.
You conjure some foxfire!
The bat hits you but does no damage.
You conjure some foxfire!
The bat misses you.
You are out of magic!
You are out of magic!
You are out of magic!
Your foxfire dissipates!
The foxfire hits the bat.
The bat is moderately wounded.
The foxfire hits the bat.
The bat is heavily wounded.
The foxfire hits the bat.
You kill the bat!
Your Dodging skill increases to level 2!
Welcome back, shadowstone the Draconian Fire Elementalist.
Press ? for a list of commands and other information.
Are you sure you want to abandon this character and quit the game? (Confirm with "yes".)

...# #.#.......
.....#.#....#.#+#
....#.#..#.#.#.
.............
#?#.#..###.# #
..........# .#
#####.#.###..######..
#..................†.
#...@§...###.........
#.?.....## ##........
#.......# #...)....
#.......# ##...†....
#........###.........
#....................
#..###.........###...
#.# #.......## #..
#...<...# ..


There were no monsters in sight!

Vanquished Creatures
  A bat (D:1)
  A goblin (D:1)
  A hobgoblin (D:1)
  A frilled lizard (D:1)
4 creatures vanquished.

Vanquished Creatures (others)
  8 foxfires (D:1)
8 creatures vanquished.

Grand Total: 12 creatures vanquished

Notes
Turn   | Place    | Note
-------+----------+-------------------------------------------
     0 | D:1      | shadowstone the Draconian Fire Elementalist began the quest
                  | for the Orb.
     0 | D:1      | Reached XP level 1. HP: 14/14 MP: 3/3
    53 | D:1      | Quit the game

Illustrated notes

Levels and vault maps discovered:
D:1:      minmay_arrival_four_circles, layout_basic

Skill      XL: |  1 |
---------------+----+-----
Dodging        | 2 |  2.0
Stealth        | |  1.7
Spellcasting   | |  2.0
Conjurations   | |  1.0
Fire Magic     | |  3.1

Action                     || total
---------------------------++-------
   Cast: Foxfire           ||     5
 Armour: Skin              ||     3
  Dodge: Dodged            ||     3

Table legend: (Time is in decaauts)
 A = Elapsed time spent in this place.
 B = Non-inter-level travel time spent in this place.
 C = Inter-level travel time spent in this place.
 D = Time resting spent in this place.
 E = Time spent auto-exploring this place.
 F = Levels seen in this place.
 G = Mean time per level.
                   A        B        C        D        E       F      G
               +--------+--------+--------+--------+--------+-----+--------+
         Total |     53 |     53 |      0 |      0 |      0 |   1 |   53.0 |
       Dungeon |     53 |     53 |      0 |      0 |      0 |   1 |   53.0 |
               +--------+--------+--------+--------+--------+-----+--------+

Top non-repeatable levels by time:
     D:1: 53 daAuts
